 Dungeon Crawl Stone Soup version 0.32-a0-411-g744942f433 (webtiles) character file.

Game seed: 15927538113286071067

89 dirtblock2017 the Covered (level 4, 40/40 HPs)
             Began as a Mountain Dwarf Fighter on Feb 16, 2024.
             Quit the game on level 5 of the Dungeon on Feb 20, 2024.
             The game lasted 00:19:46 (986 turns).

dirtblock2017 the Covered (Mountain Dwarf Fighter)   Turns: 986, Time: 00:19:47

Health: 40/40      AC:  7    Str: 24 (26) XL:     4   Next: 31%
Magic:  4/4        EV:  9    Int:  8 (9)  God:
Gold:   84         SH:  4    Dex:  8 (9)  Spells: 3/3 levels left

rFire   . . .        a - +0 war axe
rCold   . . .        c - +0 buckler
rNeg    . . .        b - +0 scale mail
rPois   .            (no helmet)
rElec   .            (no cloak)
rCorr   .            (no gloves)
SInv    .            (no boots)
Will    .....        (no amulet) Stlth
                     j - +6 ring of strength
HPRegen 0.26/turn    (no ring)
MPRegen 0.09/turn

%: no passive effects
@: no status effects
A: runic magic, artefact enchanting
a: no special abilities


You were on level 5 of the Dungeon.
You visited 1 branch of the dungeon, and saw 5 of its levels.

You collected 84 gold pieces.

Inventory:

Hand Weapons
 a - a +0 war axe (weapon)
 i - a +0 war axe
 n - a +0 rapier
Missiles
 l - 9 stones (quivered)
Armour
 b - a +0 scale mail (worn)
 c - a +0 buckler (worn)
 g - a +0 helmet
 h - a +0 leather armour
Jewellery
 j - a +6 ring of strength (left hand)
Scrolls
 d - a scroll of noise {unknown}
 e - a scroll of acquirement {unknown}
 k - a scroll of teleportation {unknown}
 m - a scroll of immolation {unknown}
 o - a scroll of amnesia {unknown}
Potions
 f - a potion of degeneration


   Skills:
 + Level 4.0 Fighting
 + Level 3.4 Axes
 + Level 4.3 Armour
 + Level 0.1 Dodging
 + Level 0.1 Stealth
 + Level 3.6 Shields


You had 3 spell levels left.
You didn't know any spells.
Your spell library was empty.

Dungeon Overview and Level Annotations

Branches:
Dungeon (5/15)
 Temple: D:4-7

Altars:

Shops:
D:3 ((


Innate Abilities, Weirdness & Mutations

Your spellcasting is much less encumbered by armour.
You can use scrolls of enchantment on lesser artefacts.


Message History

You kill the rat!
The ball python closely misses you. The ball python barely misses you.
The ball python misses you. The ball python grabs you.
The ball python constricts you.
You see here a rat corpse.
You barely miss the ball python.
The ball python bites you but does no damage.
The ball python constricts you. The ball python barely misses you.
The ball python constricts you.
You hit the ball python.
You kill the ball python!
You see here a ball python corpse.
Found a stone staircase leading down.
Found 6 stones.
There is a stone staircase leading down here.
You climb downwards.
There is a stone staircase leading up here.
You can't go down here!
You open the door.
Found 9 gold pieces.
Found a stone staircase leading down.
There is an open door here.
You now have 84 gold pieces (gained 9).
There is a stone staircase leading down here.
You climb downwards.
Found 6 gold pieces.
Found a stone staircase leading down.
There is a stone staircase leading up here.
The dart slug launches a dart at you. The slug dart hits you.
There is a stone staircase leading up here.
The dart slug bites you but does no damage.
You hit the dart slug.
The dart slug is moderately wounded.
The dart slug launches a dart at you. The slug dart misses you.
You slash the dart slug!
You kill the dart slug!
Your Fighting skill increases to level 4!
You see here a dart slug corpse.
Are you sure you want to abandon this character and quit the game? (Confirm with "yes".)

.. .# .. ####.#
..#.# #
#####.#.#.#
+.......>.#
#@.....#
#...<..#
#....#.#
#....#.#
#........
...........
#...#.........
.$.......######
...##....#


There were no monsters in sight!

Vanquished Creatures
  An orc wizard (D:3)
  An adder (D:2)
  3 dart slugs
  4 orcs (D:3)
  2 goblins (D:3)
  2 hobgoblins (D:1)
  2 quokkas
  A ball python (D:3)
  5 bats
  A frilled lizard (D:1)
  6 rats
28 creatures vanquished.

Notes
Turn   | Place    | Note
-------+----------+-------------------------------------------
     0 | D:1      | dirtblock2017 the Mountain Dwarf Fighter began the quest
                  | for the Orb.
     0 | D:1      | Reached XP level 1. HP: 19/19 MP: 1/1
   353 | D:1      | Reached XP level 2. HP: 26/26 MP: 2/2
   706 | D:2      | Reached XP level 3. HP: 31/31 MP: 3/3
   733 | D:3      | Found Liypor's Antique Weapon Shop.
   782 | D:3      | Reached XP level 4. HP: 15/40 MP: 4/4
   807 | D:3      | Found Mym Giwka's Antique Weapon Boutique.
   880 | D:3      | Upgraded the game from 0.32-a0-329-ge6c31236d6 to
                  | 0.32-a0-411-g744942f433
   977 | D:5      | Entered Level 5 of the Dungeon
   986 | D:5      | Quit the game

Illustrated notes

Levels and vault maps discovered:
D:1:      matt_arrival_diagonals, layout_basic, minmay_split_cup_small
D:2:      cheibrodos_greedy_goblins, layout_basic, grunt_decor_arrowhead,
          guppyfry_early_lair_pool
D:3:      layout_loops_ring, serial_shops, shop,
          nicolae_shop_pleasant_corner_grove, nicolae_shop_trees, shop,
          nicolae_shop_crystal
D:4:      layout_basic, mainiacjoe_overflow_paths, minmay_strange_pillars,
          interstate_on_off, minmay_misc_feat_encased
D:5:      layout_basic, dreamdust_wishing_well

Skill      XL: |  1  2  3  4 |
---------------+-------------+-----
Armour         | 4 |  4.3
Axes           | 3 |  3.4
Fighting       | 4 |  4.0
Dodging        | |  0.1
Stealth        | |  0.1
Shields        | |  3.6

Action                     |  1- 3 |  4- 6 || total
---------------------------+-------+-------++-------
  Melee: War axe           |    44 |    16 ||    60
    Use: Scroll            |     1 |       ||     1
         Potion            |     4 |     1 ||     5
 Armour: Scale mail        |    58 |    18 ||    76
  Dodge: Dodged            |    26 |    17 ||    43
  Block: Buckler           |    11 |     1 ||    12

Table legend: (Time is in decaauts)
 A = Elapsed time spent in this place.
 B = Non-inter-level travel time spent in this place.
 C = Inter-level travel time spent in this place.
 D = Time resting spent in this place.
 E = Time spent auto-exploring this place.
 F = Levels seen in this place.
 G = Mean time per level.
                   A        B        C        D        E       F      G
               +--------+--------+--------+--------+--------+-----+--------+
         Total |   1007 |    427 |    580 |      0 |     58 |   5 |  201.4 |
       Dungeon |   1007 |    427 |    580 |      0 |     58 |   5 |  201.4 |
               +--------+--------+--------+--------+--------+-----+--------+

Top non-repeatable levels by time:
     D:1: 475 daAuts
     D:2: 268 daAuts
     D:3: 238 daAuts
     D:4: 15 daAuts
     D:5: 9 daAuts
